 Dungeon Crawl Stone Soup version 0.31-a0-128-g25add195a6 (webtiles) character file.

Game seed: 17799333860731918773

65 kae the Changer (level 3, -5/28 HPs)
             Began as a Draconian Transmuter on June 1, 2023.
             Succumbed to Sigmund's poison
             ... on level 2 of the Dungeon.
             The game lasted 00:01:39 (1424 turns).

kae the Changer (Draconian Transmuter)              Turns: 1424, Time: 00:01:39

Health: -5/28      AC:  2    Str: 12    XL:     3   Next: 94%
Magic:  1/7        EV: 19    Int: 15    God:
Gold:   37         SH:  0    Dex: 16    Spells: 1/7 levels left

rFire   . .          .
                       - Unarmed
rCold   . . .        (shield currently unavailable)
rNeg    . . .        (body armour unavailable)
rPois   x            (helmet currently unavailable)
rElec   .            (cloak currently unavailable)
rCorr   .            (gloves currently unavailable)
SInv    .            (boots currently unavailable)
Will    .....        (no amulet)
Stlth   +            (no ring)
HPRegen 0.24/turn    (no ring)
MPRegen 0.10/turn

%: no passive effects
@: lethally poisoned (-5 -> -50), spider-form, very slightly contaminated,
hasted, very quick
A: venomous fangs, AC +5, tiny, unfitting armour, (cold-blooded)
a: End Transformation


You were on level 2 of the Dungeon.
You were a venomous arachnid creature.
You visited 1 branch of the dungeon, and saw 2 of its levels.

You collected 37 gold pieces.


Innate Abilities, Weirdness & Mutations

You are a venomous arachnid creature.
You have venomous fangs.
You are tiny and dextrous.
Your spellcasting is less reliable in this form.
Your armour is entirely melded.
You are incapable of wielding weapons or throwing items.
((Your plain brown scales are hard. (AC +5)))
You cannot fit into any form of body armour.
((You are cold-blooded and may be slowed by cold attacks.))


   Skills:
 - Level 1.1 Fighting
 - Level 1.7 Dodging
 - Level 3.0 Unarmed Combat
 + Level 2.6 Spellcasting
 * Level 3.4 Transmutations
 * Level 1.1 Poison Magic


You had one spell level left.
You knew the following spells:

 Your Spells              Type           Power      Damage    Failure   Level
a - Beastly Appendage     Tmut           24%        N/A       14%         1
b - Wereblood             Tmut           12%        N/A       21%         2
c - Spider Form           Tmut/Pois      8%         N/A       45%         3

Your spell library contained the following spells:

 Spells                   Type           Power      Damage    Failure   Level
 Passwall                 Tmut/Erth      5%         N/A       34%         2
 Ensorcelled Hibernation  Hex/Ice        4%         N/A       52%         2
 Swiftness                Air            2%         N/A       73%         3
 Ice Form                 Ice/Tmut       7%         N/A       87%         4

Inventory:

Missiles
 f - 7 stones
Scrolls
 c - a scroll of teleportation {@r4}
Potions
 a - a potion of lignification {!q}
 b - a potion of attraction {unknown}
 g - 2 potions of heal wounds {unknown}
 h - a potion of brilliance {unknown}

Dungeon Overview and Level Annotations

Branches:
Dungeon (2/15) Zot: 10581

Altars:

Annotations:
D:2 Sigmund

# ### #.# #.#
. #.## ..
...## #..
###... $.
#....#
#.#.#.>#
#...#..#
#{s..#
###.##.##
......)^.#
####.##..#
#.##..###.##
#.##...).....
#.##.####.###
#.##.# #.#
#<##.# #.#


There were no monsters in sight!


Message History

Found an escape hatch in the floor. 😕 HP[+6] MP[+2]
You regained 6 hp, and now have 23/28 hp.
Your mp is fully restored (7).
Unknown command.
There is an escape hatch in the floor here.
A hobgoblin comes into view. 😎 HP[+5]
Your hp is fully restored (28).
A hobgoblin is nearby!
Casting: Beastly Appendage (safe; 4% risk of failure)
Confirm with . or Enter, or press ? or * to list all spells.
You grow a pair of large bovine horns.
Your feet morph into talons.
The hobgoblin shouts! 😎 MP[-1]
You lost 1 mp, and now have 6/7 mp.
You hit the hobgoblin. Your kick misses the hobgoblin.
The hobgoblin barely misses you.
You hit the hobgoblin but do no damage. You headbutt the hobgoblin.
You kill the hobgoblin!
No target in view!
No target in view!
Unknown command.
Unknown command.
Your transformation is almost over.
Your horns disappear.
Your talons disappear.
A kobold comes into view. It is wielding a +0 whip.
The kobold shouts! 😎 MP[+1]
Your mp is fully restored (7).
Unknown command.
A kobold is nearby!
A kobold is nearby!
Casting: Beastly Appendage (safe; 4% risk of failure)
Confirm with . or Enter, or press ? or * to list all spells.
You grow a pair of large bovine horns.
Your feet morph into talons. 😎 MP[-1]
You lost 1 mp, and now have 6/7 mp.
The kobold hits you with a +0 whip.
You barely miss the kobold.
The kobold hits you but does no damage. 😕 HP[-1]
You take 1 damage, and now have 27/28 hp.
You hit the kobold but do no damage. Your kick misses the kobold.
The kobold hits you with a +0 whip.
You hit the kobold. Your kick misses the kobold. You headbutt the kobold.
You kill the kobold! 😕 HP[-2]
You take 2 damage, and now have 25/28 hp.
Unknown command.
Your transformation is almost over.
Your horns disappear.
Your talons disappear.
Found a stone staircase leading down. 😎 HP[+3] MP[+1]
Your hp is fully restored (28).
Your mp is fully restored (7).
Sigmund the Dreaded comes into view.
He is wielding a +1 scythe of venom.
Sigmund shouts!
Sigmund is nearby!
Sigmund is nearby!
Sigmund is nearby!
Casting: Beastly Appendage (safe; 4% risk of failure)
Confirm with . or Enter, or press ? or * to list all spells.
The spell is quite dangerous to miscast (24% risk of failure)!
Continue anyway? [Y]es or [N]o only, please.
The spell is quite dangerous to miscast (24% risk of failure)!
Continue anyway?
You miscast Spider Form.
You are very lightly contaminated with residual magic.
Nothing appears to happen. 😎 MP[-3]
You lost 3 mp, and now have 4/7 mp.
Casting: Spider Form (quite dangerous; 24% risk of failure)
Confirm with . or Enter, or press ? or * to list all spells.
The spell is quite dangerous to miscast (24% risk of failure)!
Continue anyway? [Y]es or [N]o only, please.
The spell is quite dangerous to miscast (24% risk of failure)!
Continue anyway?
You turn into a venomous arachnid creature. 😎 MP[-3]
You lost 3 mp, and now have 1/7 mp.
Unknown command.
Sigmund gestures wildly while chanting.
Sigmund flickers and vanishes!
Deactivating autopickup; reactivate with Ctrl-A.
You hit something. Something hits you.
You are poisoned. 😕 HP[-4]
You take 4 damage, and now have 24/28 hp.
You hit something.
You feel very sick. 😮 HP[-5]
You take 5 damage, and now have 19/28 hp.
You barely miss something.
You feel very sick. Something hits you!
* * * LOW HITPOINT WARNING * * *
You are more poisoned. 😱 HP[-14]
You take 14 damage, and now have 5/28 hp.
MASSIVE DAMAGE!! (PAUSE) Unknown command.
It was a potion of haste.
You feel yourself speed up.
You die...

Skill      XL: |  1  2  3 |
---------------+----------+-----
Transmutations | 3 |  3.4
Poison Magic   | 1 |  1.1
Fighting       | |  1.1
Dodging        | |  1.7
Unarmed Combat | |  3.0
Spellcasting   | |  2.6

Action                     || total
---------------------------++-------
  Melee: Unarmed           ||   106
         Kick              ||    14
         Headbutt          ||    14
         Tailslap          ||     4
         Punch             ||     1
   Cast: Beastly Appendage ||    25
         Spider Form       ||     1
         Wereblood         ||     1
    Use: Scroll            ||     3
         Potion            ||     1
 Armour: Skin              ||    39
  Dodge: Dodged            ||    82

Levels and vault maps discovered:
D:1:      amcnicky_arrival_wind_blow, layout_basic
D:2:      layout_loops_ring, hellmonk_ecumenical_altar_crossroads,
          minmay_hedge_maze, uniq_natasha, uniq_sigmund

Notes
Turn   | Place    | Note
-------+----------+-------------------------------------------
     0 | D:1      | kae the Draconian Transmuter began the quest for the Orb.
     0 | D:1      | Reached XP level 1. HP: 16/16 MP: 3/3
     0 | D:1      | magus.rc [v1.11.3]
   110 | D:1      | You pick up a book of Burglary and begin reading...
   110 | D:1      | You add the spells Passwall, Ensorcelled Hibernation and
                  | Swiftness to your library.
   237 | D:1      | Reached XP level 2. HP: 21/23 MP: 3/5
   803 | D:1      | Reached skill level 3 in Transmutations
   895 | D:2      | Found a faded altar of an unknown god.
   905 | D:2      | Reached XP level 3. HP: 28/28 MP: 6/6
   908 | D:2      | Learned a level 2 spell: Wereblood
   912 | D:2      | Learned a level 3 spell: Spider Form
  1258 | D:2      | Reached skill level 1 in Poison Magic
  1416 | D:2      | Noticed Sigmund
  1423 | D:2      | HP: 5/28 [something (10)]
  1424 | D:2      | Succumbed to Sigmund's poison

Vanquished Creatures
  3 adders (D:2)
  A dart slug (D:2)
  5 endoplasms
  A giant cockroach (D:1)
  3 goblins (D:1)
  5 hobgoblins
  4 kobolds
  5 ball pythons
  3 bats
  3 frilled lizards
  5 rats
38 creatures vanquished.

Table legend:
 A = Non-vault XP
 B = Vault XP
 C = Vault XP percentage of total XP
 D = Non-vault monster count
 E = Vault monster count
 F = Vault count percentage of total count
                 A         B        C        D         E       F
            +---------+---------+-------+---------+---------+-------
      Total |      94 |       0 |   0.0 |      38 |       0 |   0.0
            +---------+---------+-------+---------+---------+-------
        D:1 |      37 |       0 |   0.0 |      25 |       0 |   0.0
        D:2 |      57 |       0 |   0.0 |      13 |       0 |   0.0
            +---------+---------+-------+---------+---------+-------

Skill      XL: |  1  2  3 |
---------------+----------+-----
Transmutations | 3 |  3.4
Poison Magic   | 1 |  1.1
Fighting       | |  1.1
Dodging        | |  1.7
Unarmed Combat | |  3.0
Spellcasting   | |  2.6

Action                     || total
---------------------------++-------
  Melee: Unarmed           ||   106
         Kick              ||    14
         Headbutt          ||    14
         Tailslap          ||     4
         Punch             ||     1
   Cast: Beastly Appendage ||    25
         Spider Form       ||     1
         Wereblood         ||     1
    Use: Scroll            ||     3
         Potion            ||     1
 Armour: Skin              ||    39
  Dodge: Dodged            ||    82

Illustrated notes

Table legend:
 A = Kills in this place as a percentage of kills in the entire game.
 B = Kills by you in this place as a percentage of kills by you in the entire game.
 C = Kills by friends in this place as a percentage of kills by friends in the entire game.
 D = Other kills in this place as a percentage of other kills in the entire game.
 E = Experience gained in this place as a percentage of experience gained in the entire game.
 F = Experience gained in this place divided by the number of levels of this place that you have seen.
                   A       B       C       D       E      F
               +-------+-------+-------+-------+-------+----------------------
         Total | 100.0 | 100.0 |   N/A |   N/A | 100.0 |  47.0
       Dungeon | 100.0 | 100.0 |   N/A |   N/A | 100.0 |  47.0
               +-------+-------+-------+-------+-------+----------------------

Table legend: (Time is in decaauts)
 A = Elapsed time spent in this place.
 B = Non-inter-level travel time spent in this place.
 C = Inter-level travel time spent in this place.
 D = Time resting spent in this place.
 E = Time spent auto-exploring this place.
 F = Levels seen in this place.
 G = Mean time per level.
                   A        B        C        D        E       F      G
               +--------+--------+--------+--------+--------+-----+--------+
         Total |   1418 |   1385 |     33 |      0 |   1104 |   2 |  709.0 |
       Dungeon |   1418 |   1385 |     33 |      0 |   1104 |   2 |  709.0 |
               +--------+--------+--------+--------+--------+-----+--------+

Top non-repeatable levels by time:
     D:1: 890 daAuts
     D:2: 527 daAuts
